 Dungeon Crawl Stone Soup version 0.18-a0-1123-gbd92598 (webtiles) character file.

5792 namelastname112 the Martial Artist (level 10, -11/70 HPs)
             Began as a Vampire Hunter on Jan 19, 2016.
             Was a Priest of Pakellas.
             Mangled by Erolcha
             ... wielding a cursed -2 giant spiked club
              (22 damage)
             ... on level 9 of the Dungeon.
             The game lasted 00:21:04 (7542 turns).

namelastname112 the Martial Artist (Vampire Hunter) Turns: 7542, Time: 00:21:04

Health: -11/70     AC:  8    Str: 16    XL:     10   Next: 50%
Magic:  15/15      EV: 14    Int: 14    God:    Pakellas [***...]
Gold:   467        SH:  0    Dex: 18    Spells: 0 memorised, 9 levels left

rFire  . . .     SeeInvis +     l - +2 dagger (venom)
rCold  . . .     Gourm    .     b - +0 leather armour
rNeg   + . .     Faith    .     (no shield)
rPois  .         Spirit   .     A - +2 hat
rElec  .         Dismiss  .     C - +1 cloak
rCorr  .         Reflect  .     h - +0 pair of gloves
SustAt .         Harm     .     (no boots)
MR     +....                    (no amulet)
Stlth  +++++.....               f - +5 ring of strength
                                y - ring of positive energy

@: lethally poisoned (-11 -> -12), regenerating quickly, somewhat resistant to
hostile enchantments, quite stealthy
A: fangs 3, see invisible, unbreathing
a: Quick Charge, Device Surge, Renounce Religion


You were on level 9 of the Dungeon.
You worshipped Pakellas.
Pakellas was most pleased with you.
You were very full.

You visited 1 branch of the dungeon, and saw 9 of its levels.

You collected 467 gold pieces.

Inventory:

Hand Weapons
 l - a +2 dagger of venom (weapon)
Missiles
 c - 10 javelins (quivered)
 d - a throwing net
Armour
 b - a +0 leather armour (worn)
 h - a +0 pair of gloves (worn)
 A - a +2 hat (worn)
 C - a +1 cloak (worn)
 D - the +0 robe "Enaoll" {rC++ rN+ Stlth-}
   (You found it on level 4 of the Dungeon)

   It greatly protects you from cold.
   It protects you from negative energy.
   It makes you less stealthy.
Jewellery
 f - a +5 ring of strength (right hand)
 t - an uncursed ring of sustain attributes
 y - a ring of positive energy (left hand)
Wands
 e - a wand of confusion (21/48)
 o - a wand of flame (24/48)
 u - a wand of paralysis (2/24)
 v - a wand of enslavement (12/24)
 x - a wand of frost (16/48)
Scrolls
 a - a scroll of enchant armour
 g - a scroll of random uselessness {unknown}
 i - a scroll of enchant weapon
 j - 2 scrolls of amnesia
 n - a scroll of identify
 q - a scroll of fog
 r - 2 scrolls of remove curse
Potions
 k - 3 potions of curing
 s - 2 potions of haste
 w - 2 potions of ambrosia
 z - a potion of berserk rage
Books
 m - a book of Frost

   Spells                             Type                      Level
   a - Freeze                         Ice                          1
   b - Throw Frost                    Conjuration/Ice              2
   c - Ozocubu's Armour               Charms/Ice                   3
   d - Throw Icicle                   Conjuration/Ice              4
   e - Summon Ice Beast               Ice/Summoning                4
   f - Condensation Shield            Ice                          4
 p - a book of Conjurations

   Spells                             Type                      Level
   a - Magic Dart                     Conjuration                  1
   b - Searing Ray                    Conjuration                  2
   c - Dazzling Spray                 Conjuration/Hexes            3
   d - Fulminant Prism                Conjuration/Hexes            4
   e - Iskenderun's Mystic Blast      Conjuration                  4
   f - Iskenderun's Battlesphere      Conjuration/Charms           5


   Skills:
 + Level 3.1 Fighting
 - Level 3.2 Throwing
 + Level 4.1 Dodging
 + Level 10.9 Stealth
 * Level 11.3 Unarmed Combat
 * Level 7.6 Evocations


You had 9 spell levels left.
You didn't know any spells.

Dungeon Overview and Level Annotations

Branches:
Dungeon (9/15)             Temple (0/1) D:5
   Lair: D:8-11         Orc: D:9-12

Altars:
Cheibriados
Kikubaaqudgha
Makhleb
Okawaru
Pakellas
Qazlal
Ru
Xom

Shops:
D:3 }   D:8 (

Annotations:
D:4 truemonolith's ghost, amateur DECj
D:9 Erolcha


Innate Abilities, Weirdness & Mutations

Your natural rate of healing is unusually fast.
You have razor-sharp teeth.
You have supernaturally acute eyesight.
You can survive without breathing.


Message History

Zapping:
e - a wand of confusion (24/48)
Press: ? - help, Shift-Dir - straight line, f/p - Erolcha
Aim: Erolcha, wielding a giant spiked club and wearing a robe (lightly wounded, chance to defeat MR: 28%) Erolcha easily resists.
This wand has 23 charges left.
You feel sick.
Evoke which item? (* to show all) (? for menu, Esc to quit)
Zapping:
e - a wand of confusion (23/48)
Press: ? - help, Shift-Dir - straight line, f/p - Erolcha
Aim: Erolcha, wielding a giant spiked club and wearing a robe (lightly wounded, chance to defeat MR: 28%) Erolcha easily resists.
This wand has 22 charges left.
You feel sick.
Evoke which item? (* to show all) (? for menu, Esc to quit)
Zapping:
e - a wand of confusion (22/48)
Press: ? - help, Shift-Dir - straight line, f/p - Erolcha
Aim: Erolcha, wielding a giant spiked club and wearing a robe (lightly wounded, chance to defeat MR: 28%) Erolcha appears confused.
This wand has 21 charges left.
You feel sick.
You feel sick.
You hit Erolcha.
Erolcha is poisoned.
Your bite misses Erolcha.
Erolcha is lightly wounded.
You feel sick.
Erolcha hits you with a giant spiked club!!
You die...

#. #. #.#
#.##.###.#
#......#.#
#......#.###
#.........)#
#......#.#.#
.......#o#.#
.....o...#.#
##########@#
#O# #)# #.#
#.# #####.#
#.)...# #
#.##### # #
#.#


You could see Erolcha (confused).

Vanquished Creatures
  Pikel (D:5)
  An ugly thing (D:9)
  The ghost of chonchonts the Slicer, a novice SpAs of Dithmenos (D:7)
  Psyche (D:8)
  A troll (D:9)
  A two-headed ogre (D:8)
  Sigmund (D:2)
  A steam dragon (D:8)
  A hippogriff (D:9)
  Grum (D:8)
  3 wolves (D:8)
  Edmund (D:6)
  An ice beast (D:8)
  3 orc warriors
  2 sky beasts (D:9)
  A slave (D:5)
  A necrophage (D:9)
  A phantom (D:9)
  4 ogres
  3 centaurs
  A giant frog (D:7)
  2 scorpions
  4 wights (D:9)
  2 crimson imps
  A centaur skeleton (D:7)
  3 hounds
  4 orc priests
  A jelly (D:8)
  11 orc wizards
  A giant frog skeleton (D:9)
  Ijyb (D:2)
  2 worker ants
  A hound skeleton (D:7)
  A worker ant zombie (D:9)
  Robin (D:2)
  13 gnolls
  8 adders
  A shadow imp (D:9)
  An ooze (D:5)
  2 adder skeletons
  A worm (D:3)
  2 giant geckos (D:3)
  35 orcs
  3 ball pythons
  2 bat zombies (D:5)
  7 giant cockroaches
  11 goblins
  9 hobgoblins
  9 jackals
  16 kobolds
  4 quokkas
  8 bats
  4 giant newts
  A jackal skeleton (D:4)
  12 rats
  A rat zombie (D:5)
  A bush (D:3)
217 creatures vanquished.

Vanquished Creatures (others)
  A wasp (D:9)
  A water moccasin zombie (D:9)
  A crimson imp (D:5)
  A quasit (D:5)
  A hound (D:5)
  An orc wizard (D:4)
  A hound skeleton (D:5)
  A gnoll (D:5)
  An orc (D:5)
9 creatures vanquished.

Grand Total: 226 creatures vanquished

Notes
Turn   | Place    | Note
--------------------------------------------------------------
     0 | D:1      | namelastname112 the Vampire Hunter began the quest for the Orb.
     0 | D:1      | Reached XP level 1. HP: 16/16 MP: 1/1
    95 | D:1      | Reached XP level 2. HP: 16/22 MP: 0/2
   153 | D:1      | Reached skill level 1 in Unarmed Combat
   385 | D:2      | Noticed Ijyb
   403 | D:2      | Killed Ijyb
   403 | D:2      | Reached XP level 3. HP: 22/27 MP: 3/3
   713 | D:2      | Noticed Robin
   740 | D:2      | Killed Robin
   740 | D:2      | Reached XP level 4. HP: 26/33 MP: 4/4
   828 | D:2      | Noticed Sigmund
   872 | D:2      | Reached skill level 4 in Stealth
   980 | D:2      | Killed Sigmund
   980 | D:2      | Reached skill level 5 in Stealth
   980 | D:2      | Reached XP level 5. HP: 28/38 MP: 3/5
  1011 | D:2      | Reached skill level 5 in Unarmed Combat
  1169 | D:2      | Found a sacrificial altar of Ru.
  1327 | D:2      | Reached XP level 6. HP: 44/44 MP: 6/6
  1634 | D:3      | Reached skill level 6 in Unarmed Combat
  1824 | D:3      | Found a sacrificial altar of Ru.
  1991 | D:3      | Found an oddly glowing altar of Pakellas.
  1992 | D:3      | Found Pakellas's Prime Provisions.
  1999 | D:3      | Became a worshipper of Pakellas the Inventive
  2173 | D:4      | Got an ominously black robe
  2273 | D:3      | Identified the +0 robe "Enaoll" {rC++ rN+ Stlth-} (You found it on level 4 of the Dungeon)
  2323 | D:4      | Found an iron altar of Okawaru.
  2407 | D:4      | Reached skill level 1 in Evocations
  2407 | D:4      | Reached XP level 7. HP: 49/49 MP: 7/7
  2475 | D:4      | Found a shimmering altar of Xom.
  2541 | D:4      | Noticed truemonolith's ghost (amateur DECj)
  2852 | D:5      | Entered Level 5 of the Dungeon
  2852 | D:5      | Noticed Pikel
  2914 | D:5      | Found a staircase to the Ecumenical Temple.
  2932 | D:5      | Killed Pikel
  2932 | D:5      | Reached skill level 7 in Stealth
  2932 | D:5      | Reached XP level 8. HP: 32/55 MP: 4/10
  3463 | D:5      | Found an ancient bone altar of Kikubaaqudgha.
  3490 | D:5      | Reached * piety under Pakellas
  3500 | D:5      | Reached skill level 8 in Unarmed Combat
  3926 | D:6      | Found a stormy altar of Qazlal.
  4120 | D:6      | Noticed Edmund
  4156 | D:6      | Killed Edmund
  4423 | D:6      | Reached skill level 9 in Unarmed Combat
  4511 | D:7      | Reached ** piety under Pakellas
  4511 | D:7      | Received a gift from Pakellas
  4526 | D:7      | Noticed chonchonts's ghost (novice SpAs)
  4551 | D:7      | Killed chonchonts's ghost
  4551 | D:7      | Reached skill level 5 in Evocations
  4551 | D:7      | Reached XP level 9. HP: 36/61 MP: 5/13
  4678 | D:7      | Found a snail-covered altar of Cheibriados.
  5267 | D:8      | Noticed Grum
  5418 | D:8      | Noticed Psyche
  5562 | D:8      | Killed Psyche
  5562 | D:8      | Reached skill level 10 in Unarmed Combat
  5619 | D:8      | Found Burhehi's Antique Weapon Shoppe.
  5646 | D:8      | Reached skill level 10 in Stealth
  5959 | D:8      | Found a burning altar of Makhleb.
  6039 | D:8      | Reached *** piety under Pakellas
  6330 | D:8      | Reached XP level 10. HP: 23/68 MP: 15/15
  6334 | D:8      | Killed Grum
  6975 | D:9      | Reached skill level 11 in Unarmed Combat
  7247 | D:9      | Noticed a white ugly thing
  7257 | D:9      | Killed a white ugly thing
  7521 | D:9      | Noticed Erolcha
  7542 | D:9      | Mangled by Erolcha

Vault maps used:
D:1:      dpeg_arrival_stonehenge_8_columns
D:2:      nicolae_ru_awakened_eye, uniq_robin, uniq_iyjb, uniq_sigmund
D:3:      johnstein_pakellas_shop, nicolae_overflow_hidden_temple,
          lexackson_kobold_supper
D:4:      kennysheep_little_box, first_bread, tgw_xom, uniq_crazy_yiuf_cottage
D:5:      lemuel_zombie_altar_kikubaaqudgha, uniq_pikel
D:6:      grunt_qazlal_clouds, uniq_edmund
D:7:      lemuel_crystal_altar
D:8:      lemuel_crystal_altar, serial_shops, shop, uniq_psyche, uniq_grum
D:9:      marbit_many_paths, uniq_erolcha

Action                   |  1- 3 |  4- 6 |  7- 9 | 10-12 || total
-------------------------+-------+-------+-------+-------++-------
Melee: Short sword       |    65 |       |       |       ||    65
       Dagger            |    33 |   258 |   275 |    74 ||   640
       Unarmed           |       |       |       |    11 ||    11
Throw: Throwing net      |     2 |     1 |       |       ||     3
       Javelin           |       |     6 |       |       ||     6
Evoke: Wand              |       |     4 |    27 |    15 ||    46
  Use: Potion            |     3 |     1 |     9 |       ||    13
       Scroll            |       |     7 |     3 |       ||    10
 Stab: Held in net/web   |     1 |       |       |       ||     1
       Distracted        |       |     3 |     2 |       ||     5
       Sleeping          |       |    12 |    20 |    10 ||    42
       Invisible         |       |       |     1 |       ||     1
       Paralysed         |       |       |     2 |     1 ||     3
       Confused          |       |       |       |     1 ||     1
  Eat: Corpse            |     9 |    10 |    19 |     4 ||    42
